 Dungeon Crawl Stone Soup version 0.23-a0-455-ge12115f (webtiles) character file.

68439 suvakkihuora the Severer (level 14, -11/124 HPs)
             Began as a Minotaur Summoner on Nov 24, 2018.
             Was the Champion of Cheibriados.
             Engulfed by a cloud of freezing vapour (12 damage)
             ... in an ice cave.
             The game lasted 00:46:51 (17929 turns).

suvakkihuora the Severer (Minotaur Summoner)       Turns: 17929, Time: 00:46:52

Health: -11/124    AC: 28    Str: 34    XL:     14   Next: 86%
Magic:  29/29      EV: 40    Int: 28    God:    Cheibriados [******]
Gold:   623        SH: 16    Dex: 28    Spells: 7/20 levels left

rFire    x . .     SeeInvis +   u - +2 war axe (elec)
rCold    + . .     Gourm    .   h - +0 shield
rNeg     . . .     Faith    .   K - +9 chain mail of Nihilism {MP+9 SInv}
rPois    .         Spirit   .   (helmet restricted)
rElec    .         Reflect  .   v - +1 cloak
rCorr    .         Harm     .   Q - +2 pair of gloves "Ytatefia" {Int-3 Dex+2 SInv}
MR       ++...                  Z - +1 pair of boots
Stlth    ..........             p - amulet of Nemelex Xobeh's Favour {Acrobat Fragile MR+ Str+3}
HPRegen  0.30/turn              I - +5 ring of evasion
MPRegen  0.21/turn              O - ring "Ynkel" {Ice Int+2}

@: acrobat, studying Earth Magic, very slow
A: retaliatory headbutt, horns 2
a: Bend Time, Temporal Distortion, Slouch, Step From Time, Renounce Religion


You were in an ice cave.
You worshipped Cheibriados.
Cheibriados was exalted by your worship.
You were not hungry.

You visited 5 branches of the dungeon, and saw 21 of its levels.
You also visited: Labyrinth, Ossuary and Ice Cave.

You collected 1945 gold pieces.
You spent 1322 gold pieces at shops.

Inventory:

Hand Weapons
 j - a +0 blowgun
 u - a +2 war axe of electrocution (weapon)
Missiles
 o - 16 javelins (quivered)
 T - 6 curare-tipped needles
Armour
 h - a +0 shield (worn)
 v - a +1 cloak (worn)
 K - the +9 chain mail of Nihilism (worn) {MP+9 SInv}
   (You found it on level 11 of the Dungeon)

   It affects your magic capacity (+9).
   It lets you see invisible.
 Q - the +2 pair of gloves "Ytatefia" (worn) {Int-3 Dex+2 SInv}
   (You found it on level 10 of the Dungeon)

   It affects your intelligence (-3).
   It affects your dexterity (+2).
   It lets you see invisible.
 Z - a +1 pair of boots (worn)
Jewellery
 p - the amulet of Nemelex Xobeh's Favour (around neck) {Acrobat Fragile MR+ Str+3}
   (You found it on level 5 of the Lair of Beasts)

   [amulet of the acrobat]

   It helps you evade while moving and waiting.
   It affects your strength (+3).
   It affects your resistance to hostile enchantments.
   It will be destroyed if unequipped.
 q - a +3 ring of protection
 r - an uncursed ring of resist corrosion
 A - an uncursed ring of protection from fire
 D - an uncursed ring of wizardry
 I - a +5 ring of evasion (left hand)
 O - the ring "Ynkel" (right hand) {Ice Int+2}
   (You found it in a labyrinth)

   [ring of ice]

   It enhances your ice magic.
   It affects your intelligence (+2).
   It makes you vulnerable to fire.
   It protects you from cold.
 Y - an uncursed amulet of regeneration
Wands
 n - a wand of acid (11)
 y - a wand of enslavement (32)
 z - a wand of flame (44)
 B - a wand of iceblast (41)
 H - a wand of polymorph (6)
 J - a wand of digging (5)
Scrolls
 a - a scroll of immolation
 b - 4 scrolls of fog
 e - 3 scrolls of teleportation
 g - 12 scrolls of remove curse
 i - 2 scrolls of enchant weapon
 k - 3 scrolls of blinking
 w - 3 scrolls of enchant armour
 E - a scroll of summoning
 S - 2 scrolls of holy word
 V - a scroll of silence
Potions
 f - 9 potions of might
 l - a potion of mutation
 m - 11 potions of curing
 s - 4 potions of agility
 x - 4 potions of cancellation
 C - 3 potions of flight {unknown}
 F - 2 potions of resistance
 G - 3 potions of ambrosia
 P - 2 potions of magic
 U - 2 potions of heal wounds
Books
 M - a manual of Earth Magic
Miscellaneous
 d - a phial of floods (inert)
 N - a lamp of fire
Comestibles
 c - 31 rations


   Skills:
 * Level 11.4 Fighting
 - Level 15.0 Axes
 - Level 8.7 Armour
 - Level 11.6 Dodging
 - Level 1.5 Stealth
 - Level 11.8 Shields
 * Level 3.6 Spellcasting
 - Level 2.9 Summonings
 * Level 3.8 Transmutations
 * Level 5.6 Earth Magic
 - Level 9.6 Invocations
 - Level 5.1 Evocations


You had 7 spell levels left.
You knew the following spells:

 Your Spells              Type           Power        Failure   Level  Hunger
a - Summon Small Mammal   Summ           ###.         12%         1    None
b - Statue Form           Tmut/Erth      ####.....    100%        6    #######
c - Passwall              Tmut/Erth      ####....     9%          2    None
d - Summon Lightning Spi  Summ/Air       ##......     92%         4    ####...

Your spell library contained the following spells:

 Spells                   Type           Power        Failure   Level  Hunger
 Beastly Appendage        Tmut           ####..       9%          1    None
 Sticks to Snakes         Tmut           ####....     13%         2    None
 Call Imp                 Summ           ###.....     19%         2    None
 Call Canine Familiar     Summ           ###.....     36%         3    ##.....
 Corona                   Hex            #......      38%         1    None
 Spider Form              Tmut/Pois      ###.......   50%         3    ##.....
 Ensorcelled Hibernation  Hex/Ice        #.....       54%         2    None
 Summon Guardian Golem    Hex/Summ       ##......     56%         3    ##.....
 Confuse                  Hex            #.......     77%         3    ##.....
 Dazzling Spray           Conj/Hex       #.....       77%         3    ##.....
 Gell's Gravitas          Tloc           #.........   77%         3    ##.....
 Portal Projectile        Hex/Tloc       #.....       77%         3    ##.....
 Static Discharge         Conj/Air       #.......     77%         3    ##.....
 Tukima's Dance           Hex            #.......     77%         3    ##.....
 Ice Form                 Ice/Tmut       ###.....     88%         4    ####...
 Summon Ice Beast         Ice/Summ       ###.....     92%         4    ####...
 Blade Hands              Tmut           ####......   94%         5    #####..
 Force Lance              Conj/Tloc      #.......     99%         4    ####...
 Alistair's Intoxication  Tmut/Pois      ###.....     99%         5    #####..
 Irradiate                Conj/Tmut      ###.......   99%         5    #####..
 Lightning Bolt           Conj/Air       #.........   100%        5    #####..
 Dispersal                Tloc           #.........   100%        6    #######
 Hydra Form               Tmut           ####......   100%        6    #######
 Dragon Form              Tmut           ####......   100%        7    #######
 Controlled Blink         Tloc           N/A          100%        8    #######
 Disjunction              Tloc           #.........   100%        8    #######
 Ignition                 Fire           #.........   100%        8    #######
 Shatter                  Erth           #####.....   100%        9    #######
 Tornado                  Air            #.........   100%        9    #######


Dungeon Overview and Level Annotations

Branches:
Dungeon (11/15)            Temple (1/1) D:4            Lair (6/6) D:9
 Shoals (0/4) Lair:4        Snake (0/4) Lair:2        Slime (0/5) Lair:6
    Orc (2/2) D:11            Elf (1/3) Orc:2

Altars:
Ashenzari
Cheibriados
Elyvilon
Fedhas
Gozag
Hepliaklqana
Kikubaaqudgha
Makhleb
Okawaru
Qazlal
Ru
Sif Muna
Trog
Uskayaw
Vehumet
Xom
Yredelemnul
Zin
The Shining One
Beogh
Jiyva

Shops:
D:4 =   D:6 =   Orc:2 :?[[


Innate Abilities, Weirdness & Mutations

You reflexively headbutt those who attack you in melee.
You have a pair of horns on your head.


Message History

* * * LOW HITPOINT WARNING * * *
Unknown command.
Unknown command.
Remove which piece of jewellery? (? for menu, Esc to quit)
Okay, then.
Unknown command.
You start resting.
You are engulfed in freezing vapours.
You resist.
* * * LOW HITPOINT WARNING * * *
Evoke which item? (* to show all) (? for menu, Esc to quit)
Aiming: Dig
Press: ? - help, Shift-Dir - straight line An ice covered rock wall.
The rock shatters into small pieces.
You are engulfed in freezing vapours.
You resist.
* * * LOW HITPOINT WARNING * * *
Unknown command.
You are engulfed in freezing vapours.
You resist.
* * * LOW HITPOINT WARNING * * *
You are engulfed in freezing vapours.
You resist.
You die...

.§#§§######.#.#≈≈##.#
.#§§§.§.##.##..##...#
#.##§§.§.##.#..#..###
##.##.##.§#.#.#.#..##
#######.#.#..#≈##.#
##.###§§#....###§##
#..§§#§.##..§§##§§#
#.§§§§§§#.#.#§#§§##
#.§###§!.§§###§@§##
###§##§§###§##
##§####§§≈#### #§§§#
≈≈≈≈≈≈ §§§§##≈##.≈#
#§.###.#.##
#§.......###
###.....∩..#
##.#....∩.#


There were no monsters in sight!

Vanquished Creatures
  Rupert (Lair:3)
  A stone giant (Orc:2)
  A minotaur (Lab)
  The ghost of mhoghedin the Covert, a journeyman KoAr of Elyvilon (Lair:6)
  7 hydras
  Erolcha (D:11)
  2 ogre magi (Orc:2)
  A two-headed ogre (D:11)
  An orc high priest (Orc:1)
  Nergalle (Lair:2)
  A fire crab (Lair:3)
  An unseen horror (D:10)
  An ugly thing (D:11)
  8 orc sorcerers (Orc:2)
  An orc knight (Orc:2)
  A deep elf mage (Elf:1)
  A wolf spider (Lair:6)
  9 black mambas
  8 elephants
  2 ice statues
  A guardian serpent (Lair:6)
  A gargoyle (D:11)
  2 centaur skeletons (D:11)
  2 minotaur zombies (Lab)
  18 spiny frogs
  4 komodo dragons
  A queen bee (Lair:6)
  3 trolls
  A golden dragon simulacrum (IceCv)
  4 hornets (Lair:6)
  2 meliai (Lair:6)
  Prince Ribbit (D:9)
  10 polar bears
  6 hippogriffs
  3 raiju (Lair:6)
  A slime creature (Lair:6)
  2 dream sheep
  15 blink frogs
  4 redbacks (Lair:6)
  A wraith (Ossuary)
  A dire elephant simulacrum (IceCv)
  11 wyverns (Lair:6)
  A fire elemental (Elf:1)
  A spriggan (D:7)
  21 yaks
  3 basilisks
  Grum (D:9)
  An iron troll simulacrum (IceCv)
  5 wargs
  A harpy simulacrum (IceCv)
  14 hell hounds (Lair:6)
  A hydra simulacrum (IceCv)
  25 water moccasins
  Duvessa (D:7)
  10 porcupines
  6 necrophages
  30 orc warriors
  12 black bears
  An eye of draining (D:11)
  2 ice beasts
  2 phantoms (D:7)
  27 wolves
  13 centaurs
  9 ogres
  15 crocodiles
  11 bullfrogs
  A water moccasin zombie (D:7)
  Dowan (D:7)
  2 wyvern skeletons
  2 scorpions
  6 killer bees (Lair:6)
  A wight (D:9)
  A howler monkey (D:4)
  An electric eel (Lair:1)
  A bullfrog zombie (D:8)
  A crimson imp (D:11)
  A centaur zombie (D:10)
  5 hounds
  A quasit (D:7)
  A draconian simulacrum (IceCv)
  3 jellies
  14 orc priests
  2 bullfrog skeletons (D:9)
  Terence (D:2)
  2 iguanas
  31 orc wizards
  A spriggan simulacrum (IceCv)
  6 worker ants
  A polar bear simulacrum (IceCv)
  3 troll simulacra (IceCv)
  2 killer bee zombies
  A wolf simulacrum (IceCv)
  A hound zombie (D:9)
  A hound skeleton (D:8)
  A mummy (Ossuary)
  2 howler monkey skeletons (D:8)
  A worker ant zombie (D:6)
  A naga simulacrum (IceCv)
  15 adders
  3 gnolls (D:2)
  A shadow imp (D:5)
  7 white imps (IceCv)
  3 ufetubi (IceCv)
  2 worms (D:2)
  4 dart slugs
  72 orcs
  6 bats
  3 giant cockroaches
  7 goblins
  7 hobgoblins
  11 jackals
  4 kobolds (D:2)
  5 quokkas
  A ball python (D:3)
  7 frilled lizards
  9 gnoll skeletons (Ossuary)
  A jackal skeleton (D:4)
  8 kobold skeletons (Ossuary)
  2 leopard gecko zombies
  8 orc skeletons (Ossuary)
  2 quokka zombies
  7 rats
  A fungus (Lair:6)
  2 plants (Lair:6)
654 creatures vanquished.

Vanquished Creatures (collateral kills)
  2 spiny frogs
2 creatures vanquished.

Vanquished Creatures (others)
  An orc sorcerer (Orc:2)
  An air elemental (Elf:1)
  2 orc wizards (Orc:2)
  A white imp (IceCv)
  2 ufetubi (IceCv)
  4 bushes (D:9)
  14 fungi
  36 plants
61 creatures vanquished.

Grand Total: 717 creatures vanquished

Notes
Turn   | Place    | Note
-------+----------+-------------------------------------------
     0 | D:1      | suvakkihuora the Minotaur Summoner began the quest for the
                  | Orb.
     0 | D:1      | Reached XP level 1. HP: 14/14 MP: 1/1
    82 | D:1      | Reached skill level 1 in Fighting
    82 | D:1      | Reached skill level 1 in Axes
   245 | D:1      | Reached XP level 2. HP: 22/23 MP: 3/3
   390 | D:1      | Reached skill level 2 in Axes
   505 | D:2      | Noticed Terence
   530 | D:2      | Killed Terence
   530 | D:2      | Reached XP level 3. HP: 10/30 MP: 4/4
  1033 | D:3      | Reached skill level 3 in Axes
  1033 | D:3      | Reached XP level 4. HP: 31/38 MP: 5/5
  1681 | D:2      | Reached skill level 4 in Axes
  1681 | D:2      | Reached XP level 5. HP: 8/46 MP: 6/6
  2152 | D:3      | Found a radiant altar of Vehumet.
  2204 | D:4      | Found a staircase to the Ecumenical Temple.
  2211 | Temple   | Entered the Ecumenical Temple
  2280 | Temple   | Became a worshipper of Cheibriados the Contemplative
  2341 | D:4      | Found Buecitya's Jewellery Shop.
  2672 | D:4      | Reached skill level 5 in Fighting
  2672 | D:4      | Reached XP level 6. HP: 32/56 MP: 7/7
  2981 | D:5      | Entered Level 5 of the Dungeon
  3077 | D:5      | Reached skill level 5 in Axes
  3232 | D:5      | Found a sand-covered staircase.
  3245 | Ossuary  | Entered an ossuary
  3245 | Ossuary  | Noticed a wraith
  3245 | Ossuary  | Noticed a wraith
  3245 | Ossuary  | Noticed a wraith
  3258 | Ossuary  | Reached * piety under Cheibriados
  3441 | Ossuary  | Noticed a wraith
  3450 | Ossuary  | Killed a wraith
  3611 | D:5      | Reached XP level 7. HP: 61/61 MP: 8/8
  4045 | D:6      | Found Yxaiw's Jewellery Boutique.
  4053 | D:6      | Bought a +3 ring of protection for 273 gold pieces
  4085 | D:6      | Reached ** piety under Cheibriados
  4111 | D:6      | Reached skill level 6 in Axes
  4461 | D:6      | Reached XP level 8. HP: 71/71 MP: 9/9
  4850 | D:7      | Reached *** piety under Cheibriados
  4974 | D:7      | Reached skill level 7 in Axes
  5005 | D:7      | Reached skill level 5 in Dodging
  5106 | D:7      | Reached skill level 5 in Shields
  5319 | D:7      | Noticed Duvessa
  5321 | D:7      | Noticed Dowan
  5563 | D:7      | Reached XP level 9. HP: 81/81 MP: 10/10
  5695 | D:7      | Killed Duvessa
  5709 | D:7      | Killed Dowan
  5709 | D:7      | Reached skill level 8 in Axes
  6048 | D:8      | Reached **** piety under Cheibriados
  6049 | D:8      | Found a glowing golden altar of the Shining One.
  6187 | D:8      | Reached skill level 1 in Invocations
  6233 | D:8      | Reached skill level 1 in Evocations
  6241 | D:8      | Found a deep blue altar of Sif Muna.
  6241 | D:8      | Found a faded altar of an unknown god.
  6246 | D:8      | Found a basalt altar of Yredelemnul.
  6248 | D:8      | Found an ancient bone altar of Kikubaaqudgha.
  6250 | D:8      | Found a burning altar of Makhleb.
  6649 | D:9      | Reached skill level 9 in Axes
  6708 | D:9      | Reached ***** piety under Cheibriados
  6745 | D:9      | Noticed Grum
  6760 | D:9      | Killed Grum
  6763 | D:9      | Noticed Erica
  6764 | D:9      | Found a staircase to the Lair.
  6843 | D:9      | Reached XP level 10. HP: 74/86 MP: 9/11
  6862 | D:9      | Reached skill level 10 in Axes
  6896 | D:9      | Noticed Erica
  6896 | D:9      | Erica changed into Erica the dream sheep
  6899 | D:9      | Killed Erica the dream sheep
  6952 | D:9      | Reached skill level 5 in Invocations
  7103 | D:9      | Noticed Prince Ribbit
  7431 | D:10     | Entered Level 10 of the Dungeon
  7555 | D:10     | Killed an unseen horror
  7555 | D:10     | Reached skill level 5 in Evocations
  7650 | D:10     | Reached skill level 11 in Axes
  7840 | D:10     | Got a pair of brightly glowing gloves
  7846 | D:10     | Identified the +2 pair of gloves "Ytatefia" {Int-3 Dex+2
                  | SInv} (You found it on level 10 of the Dungeon)
  8297 | D:11     | Noticed a gargoyle
  8358 | D:9      | Killed Prince Ribbit
  8365 | Lair:1   | Entered Level 1 of the Lair of Beasts
  8375 | Lair:1   | Noticed a black mamba
  8378 | Lair:1   | a black mamba changed into a polar bear
  8426 | Lair:1   | Got a dazzling scale mail
  8444 | Lair:1   | Identified the cursed +0 scale mail of Qomiodghuike {rN+
                  | Int+5} (You found it on level 1 of the Lair of Beasts)
  8468 | Lair:1   | Found a labyrinth entrance.
  8475 | Lab      | Entered a labyrinth
  8756 | Lab      | Noticed a minotaur
  8776 | Lab      | Killed a minotaur
  8776 | Lab      | Reached XP level 11. HP: 15/92 MP: 2/15
  8800 | Lab      | Identified Faconeuc's Guide on Unstable Displacement
  8801 | Lab      | Got a faintly glowing copper ring
  8805 | Lab      | Identified the ring "Ynkel" {Ice Int+2} (You found it in a
                  | labyrinth)
  9078 | Lab      | Reached skill level 12 in Axes
  9165 | Lair:1   | Noticed Sonja
  9166 | Lair:1   | Noticed Sonja
  9166 | Lair:1   | Sonja changed into Sonja the raiju
  9167 | Lair:1   | Noticed Sonja
  9167 | Lair:1   | Sonja the raiju changed into Sonja the hippogriff
  9173 | Lair:1   | Killed Sonja the hippogriff
 10241 | Lair:2   | Reached skill level 13 in Axes
 10431 | Lair:2   | Noticed Nergalle
 10440 | Lair:2   | Killed Nergalle
 10728 | Lair:2   | Found a staircase to the Snake Pit.
 10748 | Lair:2   | Reached ****** piety under Cheibriados
 10921 | Lair:3   | Noticed Rupert
 10958 | Lair:3   | Killed Rupert
 10958 | Lair:3   | Reached XP level 12. HP: 83/101 MP: 18/18
 11077 | Lair:3   | Reached skill level 14 in Axes
 11572 | Lair:3   | Reached skill level 5 in Armour
 11866 | Lair:4   | Found a staircase to the Shoals.
 11923 | Lair:4   | Reached skill level 10 in Fighting
 12318 | Lair:4   | Noticed a four-headed hydra
 12327 | Lair:4   | Killed a four-headed hydra
 12680 | Lair:5   | Reached XP level 13. HP: 112/112 MP: 19/19
 12791 | Lair:5   | Reached skill level 15 in Axes
 12808 | Lair:5   | Got a smoking ruby amulet
 12814 | Lair:5   | Identified the amulet of Nemelex Xobeh's Favour {Acrobat
                  | Fragile MR+ Str+3} (You found it on level 5 of the Lair of
                  | Beasts)
 13393 | Lair:6   | Entered Level 6 of the Lair of Beasts
 13545 | Lair:6   | Reached skill level 10 in Shields
 13823 | Lair:6   | Found a viscous altar of Jiyva.
 13823 | Lair:6   | Found a staircase to the Slime Pits.
 14074 | Lair:6   | Noticed mhoghedin's ghost (journeyman KoAr)
 14075 | Lair:6   | Found a transporter.
 14079 | Lair:6   | Found a transporter.
 14383 | Lair:6   | Reached skill level 10 in Dodging
 14441 | Lair:6   | Reached XP level 14. HP: 98/124 MP: 20/20
 14702 | Lair:6   | Learned a level 6 spell: Statue Form
 14705 | Lair:6   | Learned a level 2 spell: Passwall
 14710 | Lair:6   | Learned a level 4 spell: Summon Lightning Spire
 14924 | Lair:6   | Reached skill level 1 in Earth Magic
 15068 | Lair:6   | Killed mhoghedin's ghost
 15068 | Lair:6   | Reached skill level 1 in Transmutations
 15141 | Lair:6   | Got a dazzling plate armour
 15154 | Lair:6   | Identified the cursed +1 plate armour "Arag Waefe" {rC+
                  | Str+2 Int-5} (You found it on level 6 of the Lair of
                  | Beasts)
 15639 | D:11     | Found a staircase to the Orcish Mines.
 15669 | D:11     | Got a twisted chain mail
 15692 | D:11     | Identified the +0 chain mail of the Cast Vote {MR+ SInv}
                  | (You found it on level 11 of the Dungeon)
 15749 | D:11     | Got a bronze chain mail
 15760 | D:11     | Identified the +9 chain mail of Nihilism {MP+9 SInv} (You
                  | found it on level 11 of the Dungeon)
 15773 | D:11     | Noticed Erolcha
 15778 | D:11     | Killed Erolcha
 16128 | Orc:1    | Entered Level 1 of the Orcish Mines
 16449 | Orc:2    | Entered Level 2 of the Orcish Mines
 16771 | Orc:2    | Noticed a stone giant
 16791 | Orc:2    | Killed a stone giant
 16951 | Orc:2    | Found a staircase to the Elven Halls.
 17121 | Orc:2    | Found Huqecahu's Antique Armour Shop.
 17130 | Orc:2    | Paralysed by an orc sorcerer for 4 turns
 17173 | Orc:2    | Found a radiant altar of Vehumet.
 17294 | Orc:2    | Reached skill level 5 in Earth Magic
 17301 | Orc:2    | Found an ancient bone altar of Kikubaaqudgha.
 17353 | Orc:2    | Found a roughly hewn altar of Beogh.
 17353 | Orc:2    | Found Sonirov's Antique Armour Boutique.
 17357 | Orc:2    | Found Cahim's Magic Scroll Shop.
 17384 | Orc:2    | Found Siujiw's Book Shop.
 17391 | Orc:2    | Bought a glowing cloak for 217 gold pieces
 17421 | Orc:2    | Bought a scroll of acquirement for 832 gold pieces
 17483 | Elf:1    | Entered Level 1 of the Elven Halls
 17517 | Elf:1    | Found a frozen archway.
 17530 | IceCv    | Entered an ice cave
 17928 | IceCv    | HP: 1/124 [something (24)]
 17929 | IceCv    | Engulfed by a cloud of freezing vapour

Vault maps used:
D:1:      nzn_arrival_depleted_hourglass
D:2:      first_ration, uniq_terence
D:3:      lemuel_upstairs_altar
D:4:      minmay_temple_entry_ruins, serial_shops, shop, st_stairs_14
D:5:      nicolae_ossuary_entry_ruins
D:6:      serial_shops, nicolae_shop_temple_entry_statues_fountains
D:7:      the_bakery, uniq_duvessa
D:8:      minmay_spotlight, chequers_temple_overflow_minitemple, tso_metal_star
D:9:      minmay_lair_entry_grove, serial_undead, serial_undead_a,
          serial_undead_a, serial_undead_f, serial_undead_b, uniq_erica,
          uniq_prince_ribbit1, uniq_grum
D:10:     water_boxes_lemuel
D:11:     david_orc_4, minivault_24, uniq_erolcha
Temple:   eino_narrow_crystal_temple
Lair:1:   lab_entry_generic, serial_bayou_shore_a, grunt_megastairs_4,
          uniq_sonja
Lair:2:   minmay_snake_entry_six_corridors, beast_lair_carwin_6, uniq_nergalle
Lair:3:   serial_bayou_pond_a, uniq_rupert
Lair:4:   minmay_shoals_entry_centaurs
Lair:5:   infiniplex_staircase_pool_2
Lair:6:   hangedman_lair_tendril_chambers, hangedman_lair_caniforms_friends,
          slime_altar_1, gammafunk_ghost_hive, serial_bayou_shore_b
Orc:1:    statue_in_the_mist_lemuel, minmay_orc_keep, uniq_gastronok
Orc:2:    kennysheep_orc_mage_school
Elf:1:    portal_ice_cave_entry_ice_statue_one, ebering_ghost_reflecting_pool,
          kennysheep_underground_church, corexii_checkpoint_b, dk_noncrumbling_3
Lab:      labyrinth_hidden_loot, nicolae_lab_arrow
Ossuary:  ossuary_due_mausoleum
IceCv:    ice_cave_caverns_02

Skill      XL: |  1  2  3  4  5  6  7  8  9 10 11 12 13 14 |
---------------+-------------------------------------------+-----
Fighting       | 1 2 3 4 5 6 7 8 10 11 | 11.4
Axes           | 1 2 3 4 5 6 7 9 11 13 14 15 | 15.0
Dodging        | 3 4 5 6 8 10 11 | 11.6
Shields        | 2 3 5 6 11 | 11.8
Invocations    | 3 7 9 |  9.6
Evocations     | 3 5 |  5.1
Armour         | 2 6 7 8 |  8.7
Earth Magic    | 5 |  5.6
Transmutations | 3 |  3.8
Spellcasting   | 3 |  3.6
Stealth        | |  1.5
Summonings     | |  2.9

Action                   |  1- 3 |  4- 6 |  7- 9 | 10-12 | 13-15 || total
-------------------------+-------+-------+-------+-------+-------++-------
Melee: Hand axe          |    72 |   201 |    50 |       |   306 ||   629
       Headbutt          |     8 |    40 |    84 |   198 |   365 ||   695
       Whip              |       |       |   244 |   480 |   428 ||  1152
       War axe           |       |       |       |       |   108 ||   108
 Cast: Summon Small Mamm |     1 |       |       |       |       ||     1
Invok: Slouch            |       |       |       |     1 |     4 ||     5
Evoke: Wand              |       |       |       |    13 |     4 ||    17
       Lamp of fire      |       |       |       |     1 |     1 ||     2
       Phantom mirror    |       |       |       |     1 |       ||     1
       Phial of floods   |       |       |       |       |     1 ||     1
  Use: Potion            |     1 |     2 |     2 |     2 |     1 ||     8
       Scroll            |       |     7 |     3 |     7 |    17 ||    34
 Stab: Sleeping          |     1 |       |       |     2 |       ||     3
       Distracted        |       |       |       |     1 |       ||     1
  Eat: Chunk             |       |     9 |     5 |     7 |    12 ||    33
       Ration            |       |       |       |     1 |       ||     1
Armor: Robe              |     3 |       |       |       |       ||     3
       Scale mail        |    17 |     8 |       |    71 |    55 ||   151
       Ring mail         |       |    38 |    70 |    23 |       ||   131
       Chain mail        |       |       |       |       |    45 ||    45
       Plate armour      |       |       |       |       |     2 ||     2
Dodge: Dodged            |    44 |   120 |   132 |   273 |   508 ||  1077
Block: Shield            |       |       |   129 |   302 |   503 ||   934

Table legend:
 A = Non-vault XP
 B = Vault XP
 C = Vault XP percentage of total XP
 D = Non-vault monster count
 E = Vault monster count
 F = Vault count percentage of total count
                 A         B        C        D         E       F
            +---------+---------+-------+---------+---------+-------
      Total |   49271 |   48500 |  49.6 |     364 |     291 |  44.4
            +---------+---------+-------+---------+---------+-------
        D:1 |      33 |       0 |   0.0 |      20 |       0 |   0.0
        D:2 |     160 |      38 |  19.2 |      22 |       1 |   4.3
        D:3 |      55 |       0 |   0.0 |      15 |       0 |   0.0
        D:4 |     111 |       0 |   0.0 |      10 |       0 |   0.0
        D:5 |     192 |       0 |   0.0 |      12 |       0 |   0.0
        D:6 |     757 |       0 |   0.0 |      24 |       0 |   0.0
        D:7 |    1004 |     425 |  29.7 |      16 |       3 |  15.8
        D:8 |     627 |     208 |  24.9 |      16 |       5 |  23.8
        D:9 |     405 |    3567 |  89.8 |      12 |      26 |  68.4
       D:10 |    2419 |       0 |   0.0 |      19 |       0 |   0.0
       D:11 |    3027 |    3340 |  52.5 |      16 |      40 |  71.4
     Lair:1 |     936 |     542 |  36.7 |       8 |       2 |  20.0
     Lair:2 |    3533 |    2776 |  44.0 |      17 |      16 |  48.5
     Lair:3 |    7308 |    2740 |  27.3 |      25 |       1 |   3.8
     Lair:4 |    7417 |     450 |   5.7 |      29 |       4 |  12.1
     Lair:5 |    7682 |       0 |   0.0 |      19 |       0 |   0.0
     Lair:6 |    6358 |   23262 |  78.5 |      21 |     105 |  83.3
      Orc:1 |    1671 |       0 |   0.0 |      19 |       0 |   0.0
      Orc:2 |    4834 |    6605 |  57.7 |      42 |      33 |  44.0
      Elf:1 |     742 |     466 |  38.6 |       2 |       1 |  33.3
        Lab |       0 |    2044 | 100.0 |       0 |       3 | 100.0
    Ossuary |       0 |     261 | 100.0 |       0 |      27 | 100.0
      IceCv |       0 |    1776 | 100.0 |       0 |      24 | 100.0
            +---------+---------+-------+---------+---------+-------
